Map: Pylon LE

Players

SubN

  • Race: Zerg Zerg
  • League: Diamond
  • Spawn Location: 11:00

LSDAVE - Winner!

  • Race: Zerg Zerg
  • League: Platinum
  • Spawn Location: 5:00

VOD

Have the link to the VOD?

Description

Time

  • Played on: July 31, 2025, 3:35 p.m.
  • Length: 11:33
Show
View Real Time Build Order
Export as new Build Order

SubN Zerg 

Build Orders: Hatch First, Lurkers 

Get SALT Encoding   

  12  0:00  Drone  
  13  0:08  Drone  
  14  0:15  Extractor  
  14  0:16  Drone  
  15  0:23  Overlord  
  15  0:44  Hatchery  
  15  0:48  Drone  
  15  0:51  Drone  
  15  0:55  Drone  
  17  0:59  Drone  
  18  1:06  Extractor  
  17  1:15  Spawning Pool  
  16  1:24  Drone x2  
  18  1:31  Drone  
  19  1:43  Drone  
  20  1:52  Drone  
  21  2:03  Queen x2  
  21  2:04  Zergling x2  
  21  2:05  Zergling x2  
  27  2:22  Drone  
  28  2:24  Overlord  
  28  2:28  Overlord  
  28  2:45  Drone x4  
  32  2:54  Roach Warren  
  32  2:56  Drone x2  
  33  3:02  Overlord  
  33  3:17  Overlord  
  33  3:29  Drone  
  34  3:35  Roach x3  
  34  3:36  Roach x3  
  46  3:41  Hatchery  
  46  3:48  Overlord x2  
  45  3:52  Roach x3  
  51  4:01  Roach x3  
  57  4:14  Roach x4  
  67  4:24  Roach  
  67  4:30  Roach  
  66  4:37  Roach  
  47  4:49  Roach  
  37  5:02  Roach  
  37  5:04  Zergling x10  
  37  5:05  Zergling x2  
  37  5:25  Evolution Chamber  
  37  5:26  Evolution Chamber  
  35  5:28  Drone x2  
  35  5:29  Drone  
  35  5:35  Drone  
  39  5:41  Drone  
  40  5:46  Drone  
  42  5:50  Drone  
  42  5:54  Drone  
  43  5:58  Drone  
  43  6:01  Drone  
  45  6:10  Drone x2  
  46  6:29  Queen  
  46  6:30  Queen  
  50  6:37  Drone x2  
  50  6:38  Drone  
  53  6:41  Drone  
  53  6:43  Drone  
  53  6:45  Drone  
  56  6:55  Drone x3  
  59  7:17  Drone x2  
  61  7:25  Drone  
  61  7:26  Drone x3  
  65  7:30  Extractor  
  64  7:46  Overlord x2  
  64  7:59  Drone  
  64  8:01  Lair  
  65  8:06  Drone  
  65  8:08  Extractor  
  65  8:09  Drone x3  
  65  8:10  Extractor  
  65  8:11  Drone x2  
  65  8:12  Drone x2  
  71  8:20  Drone  
  71  8:23  Zerg Missile Weapons Level 1  
  72  8:47  Hatchery, Zerg Ground Armor Level 1  
  71  8:58  Overlord  
  71  9:02  Drone  
  72  9:03  Hydralisk Den  
  71  9:15  Overlord  
  71  9:35  Drone, Hydralisk x2  
  71  9:36  Hydralisk x5, Lurker Den  
  85  9:45  Drone x3  
  85  9:46  Drone x4  
  92  10:02  Drone x3, Extractor  
  92  10:05  Hydralisk x2  
  92  10:06  Hydralisk x3  
  104  10:09  Extractor, Queen  
  105  10:17  Muscular Augments  
  105  10:22  Drone x3  
  105  10:24  Drone  
  105  10:25  Drone x5  
  114  10:34  Overlord x3  
  114  10:35  Overlord  
  114  10:41  Hatchery  
  109  10:45  Lurker  
  109  10:46  Lurker x2  
  109  10:47  Lurker  
  105  10:56  Lurker  
Show
View Real Time Build Order
Export as new Build Order

LSDAVE Zerg - Winner!

Build Orders: Hatch First 

Get SALT Encoding   

  12  0:02  Drone  
  13  0:12  Drone  
  14  0:19  Extractor  
  14  0:20  Drone  
  14  0:23  Drone, Extractor  
  16  0:43  Hatchery  
  15  0:51  Extractor  
  15  0:55  Drone, Extractor  
  15  1:02  Spawning Pool  
  15  1:05  Extractor  
  15  1:08  Extractor  
  15  1:09  Drone  
  14  1:19  Overlord  
  15  1:37  Drone x3  
  18  1:50  Queen  
  18  1:51  Drone  
  21  1:57  Queen  
  21  2:01  Drone  
  24  2:09  Drone x2  
  26  2:17  Zergling x4  
  26  2:20  Overlord  
  28  2:37  Metabolic Boost  
  28  2:38  Queen  
  30  2:47  Zergling x6  
  30  2:49  Zergling x2  
  34  2:59  Zergling x2  
  34  3:00  Zergling x2, Overlord  
  36  3:18  Overlord  
  36  3:24  Zergling x4  
  36  3:25  Zergling x10  
  43  3:28  Zergling x2  
  44  3:34  Overlord x2  
  44  3:38  Zergling x2  
  45  3:44  Zergling x4  
  45  3:47  Zergling x2  
  48  3:54  Zergling x8  
  52  4:01  Zergling x6  
  55  4:04  Zergling x2  
  55  4:05  Zergling x2  
  57  4:14  Zergling x4  
  59  4:19  Zergling x2  
  59  4:23  Zergling x4  
  62  4:29  Zergling x2  
  58  4:31  Zergling x2  
  53  4:42  Zergling x6  
  50  4:46  Zergling x2  
  50  4:47  Zergling x2  
  50  4:48  Zergling x2  
  50  4:50  Zergling x4  
  50  4:51  Zergling x2  
  50  4:53  Zergling x2  
  49  5:00  Zergling x2  
  49  5:01  Zergling x6  
  48  5:10  Zergling x4  
  50  5:19  Zergling x8  
  54  5:27  Zergling x2  
  55  5:31  Zergling x2  
  56  5:37  Zergling x2  
  57  5:49  Drone, Extractor  
  57  5:58  Drone  
  57  5:59  Drone x7  
  65  6:07  Drone  
  65  6:25  Drone x2, Roach Warren  
  65  6:26  Drone x2  
  68  6:34  Overlord x2  
  68  6:35  Overlord x2  
  68  6:48  Hatchery  
  68  6:51  Extractor, Queen  
  68  6:54  Extractor  
  68  6:58  Drone x2  
  68  6:59  Drone x2  
  71  7:17  Lair  
  71  7:19  Roach  
  71  7:20  Roach x3  
  77  7:23  Drone  
  77  7:26  Queen  
  80  7:41  Roach x5  
  90  7:51  Drone  
  91  7:53  Roach  
  91  7:54  Roach x3  
  99  8:00  Baneling Nest  
  98  8:08  Drone  
  99  8:13  Drone x4  
  99  8:14  Drone x2  
  99  8:16  Drone  
  106  8:36  Hydralisk Den  
  106  8:38  Drone  
  106  8:39  Overlord x4  
  106  8:48  Centrifugal Hooks  
  106  9:00  Zergling x2  
  106  9:01  Zergling x12  
  113  9:05  Hydralisk x4  
  113  9:07  Grooved Spines  
  121  9:10  Glial Reconstitution  
  121  9:14  Hydralisk  
  123  9:18  Hydralisk  
  123  9:21  Hydralisk  
  127  9:24  Baneling x2  
  127  9:25  Baneling x3  
  127  9:26  Baneling  
  127  9:27  Baneling x2  
  127  9:28  Baneling x2  
  127  9:29  Baneling  
  127  9:30  Baneling  
  127  9:37  Drone x2  
  129  9:42  Hydralisk x2  
  129  9:43  Hydralisk  
  135  9:54  Hydralisk  
  135  9:55  Overlord x2  
  137  10:01  Muscular Augments  
  137  10:14  Hydralisk, Queen  
  137  10:15  Hydralisk x2  
  145  10:26  Hydralisk  
  145  10:27  Hydralisk x2  
  144  11:03  Hydralisk  
  134  11:04  Hydralisk x2  
  134  11:05  Hydralisk x6  
  134  11:07  Zergling x8  
  134  11:08  Zergling x10  
  134  11:10  Zergling x2  
  149  11:12  Zergling x2  
  149  11:14  Overseer  
Tags
 
Composition
Lurkers
Matchup
ZvZ
Race
Zerg
Replay Pack
Multiplayer
Spawn Locations
Cross Positions
Add a new tag
Caveats
  • Supply blocks, unpowered buildings, or Contaminate may cause inaccurate times.
  • Supply counts are checked every 10 seconds.